AoeStats
← Ken

Arena

509288307Analyzed
4v4 RM · 6d ago on Sep 26, 2026· 49m 21s· 8 players
Game mode
Random Map
Map size
Large (8 player)
Population
200
Speed
Normal
Resources
Standard
Victory
Conquest
Starting age
Dark Age
Ending age
Imperial Age
RankedLock teamsTeams togetherTeam positionsShared explorationLock speedFull tech treeHidden civsTurbo modeCheats
Victory
Defeat
🇺🇸 Slavs · United States
1115
+14
🇩🇪 Danes · Germany
1108
+24
🇵🇭 Sicilians · Philippines
1101
+15
🇦🇷 Britons · Argentina
1040
+18
🇨🇳 Malay · China
1085
-16
🇨🇳 Turks · China
1081
-16
🇨🇳 Franks · China
1078
-15
🇨🇳 Persians · China
1065
-15
Ken
11:24 Feudal Age
14:06 Double-Bit Axe
17:14 Castle Age
18:37 Bow Saw
20:28 Loom
23:48 Wheelbarrow
26:57 Scale Barding Armor
27:03 Forging
27:28 Husbandry
27:30 Gold Mining
29:11 Gold Shaft Mining
33:31 Imperial Age
31:19 Stone Mining
32:10 Scale Mail Armor
33:08 Iron Casting
34:04 Chain Barding Armor
34:05 Cavalier
35:19 Conscription
37:01 Plate Barding Armor
36:45 Chain Mail Armor
39:06 Blast Furnace
37:57 Fletching
38:07 Padded Archer Armor
38:10 Chivalry
41:01 Treadmill Crane
41:32 Careening
41:20 Murder Holes
42:26 Chemistry
41:46 Ballistics
41:49 Paladin
42:54 Caravan
43:26 Hand Cart
43:42 Plate Mail Armor
43:28 Leather Archer Armor
43:08 Bodkin Arrow
44:22 Elite Throwing Axeman
45:31 Ballistics
46:00 Ordonnance Companies
48:25 Bodkin Arrow
西边有座岛
7:59 Loom
10:43 Feudal Age
15:20 Castle Age
13:35 Double-Bit Axe
14:12 Horse Collar
19:50 Fletching
23:23 Padded Archer Armor
29:39 Imperial Age
29:38 Bodkin Arrow
32:09 Leather Archer Armor
33:00 Bow Saw
33:29 Wheelbarrow
32:41 Town Watch
33:20 Conscription
35:25 Bracer
38:28 Two-Man Saw
38:14 Ballistics
38:21 Scale Barding Armor
38:49 Ring Archer Armor
40:02 Bloodlines
40:56 Artillery
43:35 Scale Barding Armor
44:55 Forging
46:07 Chain Barding Armor
48:06 Husbandry
48:02 Gold Mining
Dustin(SS)
10:07 Feudal Age
10:33 Double-Bit Axe
12:49 Loom
16:39 Castle Age
15:08 Horse Collar
20:01 Heavy Plow
22:12 Bow Saw
23:04 Wheelbarrow
22:17 Town Watch
23:11 Man-at-Arms
28:00 Forging
29:14 Long Swordsman
NthEagle7752776
0:46 Loom
14:10 Feudal Age
18:59 Castle Age
17:33 Horse Collar
17:44 Double-Bit Axe
18:33 Stone Mining
18:37 Gold Mining
20:22 Bow Saw
20:33 Heavy Plow
25:33 Stone Shaft Mining
26:55 Wheelbarrow
28:39 Hand Cart
36:08 Bloodlines
35:58 Husbandry
36:34 Scale Barding Armor
36:40 Forging
40:21 Fletching
45:39 Imperial Age
45:24 Chain Barding Armor
45:41 Iron Casting
46:53 Conscription
48:01 Elite War Elephant
49:24 Plate Barding Armor
TomahawkAssassN
11:03 Feudal Age
16:34 Castle Age
15:25 Man-at-Arms
17:40 Squires
17:44 Double-Bit Axe
17:41 Horse Collar
18:43 Long Swordsman
19:40 Forging
19:32 Scale Mail Armor
21:05 Bow Saw
21:41 Chain Mail Armor
21:18 Pikeman
23:46 Iron Casting
23:59 Heavy Plow
29:39 Gold Mining
35:18 Stone Mining
36:09 Wheelbarrow
38:52 Imperial Age
36:11 Loom
38:54 Capped Ram
39:13 Halberdier
39:15 Two-Handed Swordsman
41:09 Plate Mail Armor
41:39 Blast Furnace
40:52 Champion
41:28 Siege Ram
43:43 Two-Man Saw
43:16 Crop Rotation
43:59 Conscription
44:42 Detinets
45:10 Fletching
45:55 Druzhina
46:46 Hand Cart
46:17 Town Watch
Lord_Lion
12:41 Feudal Age
13:26 Feudal Age
13:52 Double-Bit Axe
14:25 Horse Collar
17:09 Castle Age
17:23 Forging
17:10 Gold Mining
17:12 Stone Mining
21:06 Heavy Plow
21:13 Loom
22:52 Iron Casting
23:34 Wheelbarrow
24:41 Scale Mail Armor
25:53 Hand Cart
25:24 Town Watch
26:33 Pikeman
28:16 Fletching
30:17 Stone Shaft Mining
34:14 Chain Mail Armor
33:56 Bodkin Arrow
35:04 Murder Holes
35:29 Ballistics
39:27 Imperial Age
37:01 Town Patrol
39:39 Cavalier
40:19 Husbandry
40:30 Bloodlines
43:55 Blast Furnace
43:01 Scale Barding Armor
43:27 Plate Mail Armor
43:59 Hauberk
45:42 Chain Barding Armor
45:32 Bracer
45:25 Arrowslits
Rackl Peter
10:42 Feudal Age
14:23 Castle Age
12:31 Double-Bit Axe
17:10 Loom
29:58 Fletching
30:22 Forging
31:50 Bow Saw
31:32 Arson
31:50 Squires
33:03 Gambesons
33:27 Squires
34:25 Wheelbarrow
40:21 Imperial Age
44:09 Scale Barding Armor
44:07 Scale Mail Armor
44:42 Iron Casting
44:21 Horse Collar
45:39 Chain Mail Armor
46:05 Elite Varangian Guard
49:01 Elite Jomsviking
tikymax
10:18 Feudal Age
11:33 Horse Collar
14:05 Castle Age
12:17 Double-Bit Axe
20:22 Wheelbarrow
26:35 Imperial Age
24:00 Gold Mining
24:03 Stone Mining
24:28 Bow Saw
24:24 Loom
24:32 Treadmill Crane
25:13 Ballistics
25:01 Scale Mail Armor
25:11 Forging
26:16 Chain Mail Armor
27:04 Gold Shaft Mining
27:29 Iron Casting
26:19 Pikeman
27:00 Squires
26:46 Gambesons
26:47 Arson
27:05 Halberdier
28:15 Conscription
29:40 Plate Mail Armor
28:36 Capped Ram
30:51 Blast Furnace
29:16 Man-at-Arms
29:57 Long Swordsman
30:35 Two-Handed Swordsman
33:31 Champion
35:29 Chemistry
35:23 Fletching
37:09 Yeomen
36:47 Bodkin Arrow
36:53 Padded Archer Armor
36:46 Elite Longbowman
38:07 Bracer
38:24 Leather Archer Armor
41:42 Siege Engineers
43:05 Murder Holes
43:43 Ring Archer Armor
44:23 Two-Man Saw
45:18 Heavy Plow
46:30 Hoardings
46:52 Masonry
46:28 Arrowslits
48:37 Warwolf
49:11 Architecture
Connection lost

Rejoining the realm…

Still unreachable

The connection could not be restored.

Session expired

The server has moved on; the page needs a fresh start.